 Dungeon Crawl Stone Soup version 0.21.1-1-g345015fe64 (webtiles) character file.

83 Kisielow the Slasher (level 4, 0/40 HPs)
             Began as a Minotaur Fighter on Mar 12, 2018.
             Was an Initiate of Okawaru.
             Slain by a gnoll
             ... wielding a +0 whip
              (6 damage)
             ... on level 2 of the Dungeon.
             The game lasted 00:03:05 (1868 turns).

Kisielow the Slasher (Minotaur Fighter)             Turns: 1868, Time: 00:03:06

Health: 0/40       AC:  7    Str: 26    XL:     4   Next: 22%
Magic:  3/3        EV:  7    Int:  5    God:    Okawaru [......]
Gold:   139        SH: 10    Dex: 10    Spells: 3/3 levels left

rFire    . . .     SeeInvis .   a - +0 long sword
rCold    . . .     Gourm    .   c - +0 shield
rNeg     . . .     Faith    .   b - +0 scale mail
rPois    .         Spirit   .   (helmet restricted)
rElec    .         Reflect  .   (no cloak)
rCorr    .         Harm     .   (no gloves)
MR       .....                  (no boots)
Stlth    ..........             (no amulet)
HPRegen  0.13/turn              (no ring)
MPRegen  0.08/turn              (no ring)

@: mighty
A: retaliatory headbutt, horns 2
a: Renounce Religion


You were on level 2 of the Dungeon.
You worshipped Okawaru.
Okawaru was noncommittal.
You were not hungry.

You visited 1 branch of the dungeon, and saw 2 of its levels.

You collected 139 gold pieces.

Inventory:

Hand Weapons
 a - a +0 long sword (weapon)
Armour
 b - a +0 scale mail (worn)
 c - a +0 shield (worn)
Scrolls
 g - a scroll of enchant weapon {unknown}
 i - a scroll of enchant armour {unknown}
 j - a scroll of immolation {unknown}
 k - 2 scrolls of fog {unknown}
 l - a scroll of teleportation {unknown}
 m - 3 scrolls of identify {unknown}
 o - a scroll of remove curse {unknown}
Potions
 d - a potion of might
 e - a potion of curing {unknown}
 n - a potion of heal wounds {unknown}
Comestibles
 f - 2 rations
 h - 5 chunks of flesh


   Skills:
 + Level 3.7 Fighting
 * Level 5.2 Long Blades
 + Level 3.7 Armour
 + Level 3.7 Shields


You had 3 spell levels left.
You didn't know any spells.

Dungeon Overview and Level Annotations

Branches:
Dungeon (2/15)

Altars:
Okawaru


Innate Abilities, Weirdness & Mutations

You reflexively headbutt those who attack you in melee.
You have a pair of horns on your head.


Message History

The gnoll barely misses you. The gnoll hits you but does no damage.
You block the gnoll's attack.
The gnoll hits you with an enchanted whip.
Your shield and scale mail prevent you from hitting the gnoll.
The gnoll is lightly wounded.
The gnoll hits you from afar with a halberd.
The gnoll barely misses you.
The gnoll hits you with an enchanted whip!
The gnoll hits you from afar with a spear.
You closely miss the gnoll. You headbutt the gnoll!
The gnoll is severely wounded.
You block the gnoll's attack.
The gnoll hits you from afar with a spear!
* * * LOW HITPOINT WARNING * * *
The gnoll hits you from afar with a halberd.
* * * LOW HITPOINT WARNING * * *
The gnoll closely misses you. You furiously retaliate!
You headbutt the gnoll.
You feel very mighty all of a sudden. The gnoll hits you with a whip.
You die...

.#...# #.#####.###PPP.♣♣.#......♣
.#...# #...........♣♣PP..........
.....#########....P♣♣P..##......#
..................♣♣....#######..
...###########....P.....# ###
...# #....P.....# #### ...#
#..........# #... ...#
######..##.....# #.## ...#
###......@%......# #.# ...#
#........gg......# #.# ...#
♣♣.♣......gg......# #.# ...#
♣..♣♣######.#####.# #.# ...# ♣.P♣
.........# #.# ...# ♣.♣♣♣
.........# #.# ######♣..P♣
.........# #.# ......♣...♣
.........######.# ......♣♣..♣
.................#


You could see 4 gnolls.

Vanquished Creatures
  2 adders (D:2)
  A worm (D:2)
  2 dart slugs
  2 leopard geckos (D:1)
  2 giant cockroaches (D:1)
  8 goblins
  4 hobgoblins
  12 jackals
  A quokka (D:2)
  7 bats
  3 frilled lizards
  3 kobolds
  4 rats
51 creatures vanquished.

Notes
Turn   | Place    | Note
-------+----------+-------------------------------------------
     0 | D:1      | Kisielow the Minotaur Fighter began the quest for the Orb.
     0 | D:1      | Reached XP level 1. HP: 19/19 MP: 0/0
    75 | D:1      | Reached skill level 3 in Long Blades
    99 | D:1      | Reached XP level 2. HP: 22/26 MP: 1/1
   348 | D:1      | Reached skill level 4 in Long Blades
   458 | D:1      | Reached XP level 3. HP: 31/31 MP: 2/2
   987 | D:2      | Found an iron altar of Okawaru.
   997 | D:2      | Became a worshipper of Warmaster Okawaru
  1018 | D:2      | Reached skill level 5 in Long Blades
  1290 | D:2      | Reached XP level 4. HP: 40/40 MP: 3/3
  1868 | D:2      | Slain by a gnoll

Skill      XL: |  1  2  3 |
---------------+----------+-----
Long Blades    | 3 4 5 |  5.2
Fighting       | |  3.7
Armour         | |  3.7
Shields        | |  3.7

Action                   |  1- 3 |  4- 6 || total
-------------------------+-------+-------++-------
Melee: Long sword        |   108 |    19 ||   127
       Headbutt          |    18 |     2 ||    20
  Use: Potion            |       |     1 ||     1
  Eat: Chunk             |     1 |     2 ||     3
Armor: Scale mail        |    41 |     8 ||    49
Dodge: Dodged            |    33 |     9 ||    42
Block: Shield            |    39 |    12 ||    51
       Rpst.: Long sword |    12 |       ||    12
